 Dungeon Crawl Stone Soup version 0.16-a0-3667-g690a316 (webtiles) character file.

37 Unleadedzeppelin the Ruffian (level 3, -1/27 HPs)
             Began as a Bearkin Gladiator on June 14, 2015.
             Slain by an orc (2 damage)
             ... on level 3 of the Dungeon.
             The game lasted 00:04:03 (498 turns).

Unleadedzeppelin the Ruffian (Bearkin Gladiator)     Turns: 498, Time: 00:04:03

Health: -1/27      AC:  7    Str: 19    XL:     3   Next: 21%
Magic:  3/3        EV: 11    Int:  7    God:
Gold:   85         SH:  0    Dex: 11    Spells: 0 memorised, 2 levels left

rFire  . . .     SeeInvis .       - Unarmed
rCold  . . .     Clarity  .     j - +0 ring mail
rNeg   . . .     SustAb   .     (no shield)
rPois  .         Gourm    .     c - +0 helmet
rElec  .         Spirit   .     (no cloak)
rCorr  .         Warding  .     (no gloves)
rMut   .         Stasis   .     (no boots)
MR     +....                    (no amulet)
Stlth  +.........               (no ring)
                                f - ring of protection from magic

@: about to teleport, somewhat resistant to hostile enchantments, very
unstealthy
A: claws 1, shaggy fur 1, hind claws 1, cornered berserk
a: Cornered Berserk


You were on level 3 of the Dungeon.
You were not hungry.

You visited 1 branch of the dungeon, and saw 3 of its levels.

You collected 85 gold pieces.

Inventory:

Missiles
 d - 3 throwing nets (quivered)
Armour
 c - a +0 helmet (worn)
 j - a +0 ring mail (worn)
Jewellery
 f - a ring of protection from magic (left claw)
Scrolls
 e - a scroll of fog {unknown}
 h - a scroll of random uselessness {unknown}
 i - 3 scrolls of remove curse {unknown}
Comestibles
 a - 3 bread rations


   Skills:
 + Level 2.2 Fighting
 + Level 1.8 Throwing
 + Level 0.2 Armour
 + Level 2.9 Dodging
 + Level 3.6 Unarmed Combat


You had 2 spell levels left.
You didn't know any spells.

Dungeon Overview and Level Annotations

Branches:
Dungeon (3/15)

Altars:


Innate Abilities, Weirdness & Mutations

You have sharp fingernails.
You are covered in fur (AC +1).
Your hind legs have claws.
You can berserk when greatly wounded.


Message History

The orc wizard casts a spell at you. The puff of frost misses you.
The orc closely misses you. The orc closely misses you.
The orc hits you but does no damage.
You barely miss the orc wizard.
You claw the orc wizard, but do no damage.
The orc wizard closely misses you. The orc hits you but does no damage.
The orc hits you but does no damage. The orc barely misses you.
The orc wizard completely misses you. The orc hits you.
* * * LOW HITPOINT WARNING * * *
You claw the orc wizard!
The orc wizard begins to bleed from its wounds!
The orc wizard is heavily wounded.
The orc hits you but does no damage.
The orc wizard hits you but does no damage.
The orc curses loudly.
The orc hits you but does no damage. x2
As you read the scroll labeled THROBEU TIMO, it crumbles to dust.
You feel strangely unstable.
It was a scroll of teleportation.
The orc hits you.
You die...

# .. ... . ... ... ....
..... ... ....# ......
.#.## ....#.
....##.#..##...... #
..wg! #.##....######
#oo###.##....#.....
###@o##.##....#.#...
#.o.o......##...#...
#.######...>...#...# ...
####.......#..## #..##
##<.............#
....####.[...(.........#
......................##
##.###..........####.#
.. #........>.# ##.#


You could see a worm, an orc wizard (bleeding), 4 orcs and a hobgoblin.

Vanquished Creatures
  An adder (D:3)
  A worm (D:3)
  An ooze (D:1)
  A ball python (D:3)
  3 bats
  A giant cockroach (D:1)
  A goblin (D:2)
  3 hobgoblins
  4 jackals (D:2)
  A kobold (D:3)
  3 rats
20 creatures vanquished.

Vanquished Creatures (others)
  A minotaur (D:1)
  A draconian (D:1)
  An octopode (D:1)
  2 elves (D:1)
  A troll (D:1)
  A formicid (D:1)
  A human (D:1)
  An ogre (D:1)
  A centaur (D:1)
  A dwarf (D:1)
  An orc (D:1)
  4 tentacles (D:1)
  27 tentacle segments (D:1)
43 creatures vanquished.

Grand Total: 63 creatures vanquished

Notes
Turn   | Place    | Note
--------------------------------------------------------------
     0 | D:1      | Unleadedzeppelin, the Bearkin Gladiator, began the quest for the Orb.
     0 | D:1      | Reached XP level 1. HP: 16/16 MP: 1/1
     0 | D:1      | Noticed an octopode
     0 | D:1      | Noticed an elf
     0 | D:1      | Noticed an ogre
     0 | D:1      | Noticed an elf
     0 | D:1      | Noticed a draconian
     0 | D:1      | Noticed a formicid
     0 | D:1      | Noticed a kraken
     0 | D:1      | Noticed a troll
     0 | D:1      | Noticed a human
     0 | D:1      | Noticed a dwarf
     0 | D:1      | Noticed a minotaur
     0 | D:1      | Noticed a centaur
     4 | D:1      | Killed a centaur
     4 | D:1      | Killed a dwarf
     5 | D:1      | Killed a troll
     6 | D:1      | Killed a formicid
     6 | D:1      | Killed a minotaur
     7 | D:1      | Killed a human
     9 | D:1      | Killed an elf
    10 | D:1      | Killed an ogre
    11 | D:1      | Killed a draconian
    12 | D:1      | Killed an elf
    12 | D:1      | Killed an octopode
   151 | D:2      | Reached XP level 2. HP: 17/22 MP: 2/2
   351 | D:3      | Reached XP level 3. HP: 19/27 MP: 3/3
   494 | D:3      | HP: 1/27 [orc (2)]
   498 | D:3      | Slain by an orc

Action                   || total
-------------------------++-------
Melee: Unarmed           ||    73
  Use: Potion            ||     1
       Scroll            ||     1
